 Dungeon Crawl Stone Soup version 0.20.1-1-g8b1a95d (webtiles) character file.

167163 KobiteSteele the Eclecticist (level 18, -10/120 HPs)
             Began as a Human Wizard on Aug 17, 2017.
             Was the Champion of Vehumet.
             Mangled by a wolf spider (19 damage)
             ... on level 3 of the Spider Nest on Aug 18, 2017.
             The game lasted 04:08:26 (45174 turns).

KobiteSteele the Eclecticist (Human Wizard)        Turns: 45174, Time: 04:08:27

Health: -10/120    AC: 14    Str:  7    XL:     18   Next: 55%
Magic:  24/47      EV:  8    Int: 28    God:    Vehumet [******]
Gold:   2649       SH:  0    Dex: 13    Spells: 5/49 levels left

rFire    + . .     SeeInvis +   Z - staff of energy
rCold    x . .     Gourm    .   M - +1 buckler
rNeg     . . .     Faith    .   q - +2 robe {MR+}
rPois    +         Spirit   .   g - +2 helmet
rElec    +         Reflect  +   h - +0 cloak
rCorr    .         Harm     .   I - +2 pair of gloves
MR       ++...                  s - +2 pair of boots
Stlth    ++........             Y - +3 amulet of reflection
Regen    0.3/turn               S - ring "Ykeamo" {Wiz rElec MP+9 Int+2 Slay-6}
MPRegen  0.3/turn               l - ring of fire

@: contaminated, held, glowing
A: see invisible, poison resistance
a: Renounce Religion


You were on level 3 of the Spider Nest.
You worshipped Vehumet.
Vehumet was exalted by your worship.
You were not hungry.

You visited 7 branches of the dungeon, and saw 29 of its levels.
You also visited: Sewer and Bailey.

You collected 2649 gold pieces.

Inventory:

Hand Weapons
 d - the +1 quarterstaff "Daufoury" {flame, *Rage rPois rC+ Str+3 Int+4}
   (You took it off an orc warrior in a bailey)

   It has been specially enchanted to burn those struck by it, causing extra
   injury to most foes and up to half again as much damage against particularly
   susceptible opponents.
   It affects your strength (+3).
   It affects your intelligence (+4).
   It protects you from cold.
   It protects you from poison.
   It may make you go berserk in combat.
 z - the +14 obsidian axe {chop, +Fly SInv *Curse}
   (You took it off an orc warrior on level 8 of the Dungeon)

   It inflicts extra damage upon your enemies.
   It lets you see invisible.
   It lets you fly.
   It curses itself when equipped.
Armour
 g - a +2 helmet (worn)
 h - a +0 cloak (worn)
 q - a +2 robe of magic resistance (worn)
 s - a +2 pair of boots (worn)
 I - a +2 pair of gloves (worn)
 M - a +1 buckler (worn)
 P - the +5 chain mail "Icidai" {Int+4 Dex+2, unknown}
   (You took it off a goblin in a bailey)

   It affects your intelligence (+4).
   It affects your dexterity (+2).
Magical Staves
 U - an uncursed staff of wizardry
 Z - an uncursed staff of energy (weapon)
Jewellery
 l - a ring of fire (right hand)
 y - an uncursed ring of protection from magic
 E - an uncursed ring of flight
 H - an uncursed ring of protection from fire
 S - the ring "Ykeamo" (left hand) {Wiz rElec MP+9 Int+2 Slay-6}
   (You found it on level 6 of the Lair of Beasts)

   [ring of wizardry]

   It improves your spell success rate.
   It affects your intelligence (+2).
   It affects your accuracy and damage with ranged weapons and melee attacks
   (-6).
   It insulates you from electricity.
   It affects your magic capacity (+9).
 Y - a +3 amulet of reflection (around neck)
Wands
 a - a wand of lightning (1/15)
 c - a wand of acid (0/15)
 D - a wand of digging (4/24)
 K - a wand of iceblast (4/15)
 R - a wand of iceblast (1/15)
Scrolls
 k - 2 scrolls of teleportation
 p - 7 scrolls of fear
 t - a scroll of blinking
 x - 7 scrolls of remove curse
 A - a scroll of recharging
Potions
 n - 3 potions of flight
 C - a potion of cancellation
 G - 5 potions of curing
 J - a potion of might
 L - 4 potions of agility
Books
 m - the Compendium of Calling
   (You found it on level 1 of the Elven Halls)

   Spells                             Type                      Level
   a - Call Canine Familiar           Summoning                    3
   b - Shadow Creatures               Summoning                    6
 r - the Collected Works on Snow and the Compass
   (You found it on level 15 of the Dungeon)

   Spells                             Type                      Level
   a - Apportation                    Translocation                1
   b - Passage of Golubria            Translocation                4
   c - Bolt of Cold                   Conjuration/Ice              6
   d - Malign Gateway                 Summoning/Translocation      7
 u - a book of Geomancy

   Spells                             Type                      Level
   a - Sandblast                      Earth                        1
   b - Passwall                       Transmutation/Earth          2
   c - Stone Arrow                    Conjuration/Earth            3
   d - Petrify                        Transmutation/Earth          4
   e - Lee's Rapid Deconstruction     Earth                        5
 F - a book of Flames

   Spells                             Type                      Level
   a - Flame Tongue                   Conjuration/Fire             1
   b - Throw Flame                    Conjuration/Fire             2
   c - Conjure Flame                  Conjuration/Fire             3
   d - Inner Flame                    Hexes/Fire                   3
   e - Sticky Flame                   Conjuration/Fire             4
   f - Fireball                       Conjuration/Fire             5
 X - a book of the Sky

   Spells                             Type                      Level
   a - Summon Lightning Spire         Summoning/Air                4
   b - Silence                        Hexes/Air                    5
   c - Deflect Missiles               Charms/Air                   6
   d - Conjure Ball Lightning         Conjuration/Air              6
   e - Tornado                        Air                          9
Miscellaneous
 v - a lightning rod (inert)
Comestibles
 w - 5 royal jellies


   Skills:
 + Level 4.9 Fighting
   Level 5.4 Long Blades
 + Level 1.0 Staves
 + Level 7.4 Dodging
 + Level 5.9 Stealth
 + Level 2.3 Shields
 + Level 16.2 Spellcasting
 + Level 16.1 Conjurations
 + Level 2.2 Summonings
 + Level 1.1 Necromancy
 + Level 2.6 Translocations
 + Level 9.9 Fire Magic
 + Level 3.4 Ice Magic
   Level 2.2 Air Magic
 + Level 12.2 Earth Magic
   Level 0.6 Poison Magic
 + Level 2.6 Evocations


You had 5 spell levels left.
You knew the following spells:

 Your Spells              Type           Power        Failure   Level  Hunger
a - Bolt of Cold          Conj/Ice       ######....   1%          6    None
b - Blink                 Tloc           N/A          1%          2    None
c - Iron Shot             Conj/Erth      #######...   1%          6    None
d - Ignition              Fire           #######...   28%         8    None
h - Fireball              Conj/Fire      #######...   1%          5    None
i - Bolt of Draining      Conj/Necr      ######....   1%          5    None
j - Spellforged Servitor  Conj/Summ      ######....   6%          7    None
k - Bolt of Magma         Conj/Fire/Erth #######...   1%          5    None


Dungeon Overview and Level Annotations

Branches:
Dungeon (15/15)            Temple (1/1) D:4            Lair (6/6) D:9
  Swamp (1/4) Lair:4       Spider (3/4) Lair:2        Slime (0/5) Lair:6
    Orc (2/2) D:10            Elf (1/3) Orc:2        Vaults (0/5) D:13
 Depths (0/5) D:15

Altars:
Ashenzari
Cheibriados
Dithmenos
Elyvilon
Fedhas
Gozag
Hepliaklqana
Kikubaaqudgha
Makhleb
Nemelex Xobeh
Okawaru
Qazlal
Ru
Sif Muna
Trog
Uskayaw
Vehumet
Xom
Yredelemnul
Zin
The Shining One

Shops:
D:8 *!%%(   Orc:2 (!%%

Portals:
Trove: D:15 (give +2 shadow dragon scales)

Annotations:
Swamp:1 Louise


Innate Abilities, Weirdness & Mutations

You have supernaturally acute eyesight. (SInv)
Your system is resistant to poisons. (rPois)


Message History

The wolf spider bites you!
Your spellforged servitor casts a spell at the entropy weaver.
The bolt of cold hits the entropy weaver.
A redback comes into view.
Casting: Ignition
Confirm with . or Enter, or press ? or * to list all spells.
The spell is very dangerous to cast!
Continue anyway?
You feel a surge of power!
You miscast Ignition.
You are contaminated with residual magic.
Fire whirls out from your hands! 2 fire vortices come into view.
The jumping spider pounces on you.
The jumping spider bites you but does no damage.
The moth of wrath goads the wolf spider on!
The wolf spider goes berserk!
The jumping spider pounces on you!!
* * * LOW HITPOINT WARNING * * *
The jumping spider bites you but does no damage.
You hear a distant blaring wail to the east.
The redback moves out of view.
The wolf spider hits you!!
You die...

........#....
..>..........#
#..........$.#.
.##..#^....$.....
........$........
..........^..#...
<..^...#v........
.......as......#
.....8(@s<.y#....
^....#.....^.....
.......v........#
. ......)........
...#^(...^.......
.......#.....#...
. ...........#...
..........#.# ..


You could see an entropy weaver, a wolf spider (berserk), a moth of wrath, a
jumping spider (berserk), 2 fire vortices and a friendly spellforged servitor.

Vanquished Creatures
  Nikola (Swamp:1)
  Gastronok (D:11)
  Kirke (Spider:1)
  An emperor scorpion (Spider:2)
  A stone giant (Orc:2)
  A deep elf demonologist (Elf:1)
  Nessos (Orc:2)
  An entropy weaver (Spider:2)
  A fire dragon (D:15)
  Snorg (D:11)
  Harold (D:11)
  8 hydras
  An ice dragon (D:15)
  5 vault guards (D:13)
  5 catoblepae
  An alligator (Swamp:1)
  5 centaur warriors
  9 two-headed ogres
  An ogre mage (D:14)
  5 dancing weapons (Elf:1)
  11 death yaks
  Erica (Lair:1)
  2 orc high priests (Orc:2)
  Nergalle (D:11)
  3 deep elf knights (Elf:1)
  Sonja (D:14)
  A spriggan druid (Lair:4)
  3 unseen horrors
  A shambling mangrove (Swamp:1)
  6 deep elf archers (Elf:1)
  A wizard (D:13)
  A wolf spider zombie (D:14)
  Pikel (D:4)
  7 orb spiders
  7 orc knights
  11 ugly things
  18 deep elf magi (Elf:1)
  5 orc sorcerers
  12 wolf spiders
  A salamander (shapeshifter) (D:15)
  3 manticores
  5 cyclopes
  5 elephants (Lair:4)
  2 rust devils (D:9)
  Maurice (D:11)
  The ghost of Mesmaeker13 the Ducker, a novice DEIE of Kikubaaqudgha (D:6)
  3 black mambas
  12 spiny frogs
  A torpor snail (Spider:1)
  3 rime drakes
  A gargoyle (D:13)
  6 kobold demonologists
  12 komodo dragons
  A freezing wraith (D:14)
  A tengu conjurer (D:13)
  7 demonic crawlers
  3 meliai (D:13)
  A queen bee (D:8)
  21 jumping spiders
  A tyrant leech (Swamp:1)
  3 trolls
  A polar bear (Lair:6)
  5 hornets
  14 blink frogs
  6 dream sheep
  11 slime creatures
  A raiju (shapeshifter) (D:13)
  8 hippogriffs
  28 redbacks
  A water elemental (Elf:1)
  Sigmund (D:2)
  12 tarantellas
  A vampire (D:13)
  89 yaks
  4 wraiths
  2 wyverns (Lair:4)
  2 fire elementals (Elf:1)
  6 hungry ghosts
  A basilisk (Lair:3)
  2 hogs (Spider:1)
  7 vampire mosquitoes
  A steam dragon (D:10)
  Grum (D:8)
  3 acid dragons
  A warg (Orc:1)
  7 swamp worms
  A soldier ant (D:13)
  11 water moccasins
  10 porcupines
  6 ice beasts
  A hornet zombie (D:14)
  A swamp drake (D:10)
  A sky beast (D:12)
  A slave (D:4)
  3 phantoms
  35 orc warriors
  7 ogres
  24 wolves
  The ghost of NoNouf the Digger, an amateur DgEE (D:3)
  18 centaurs
  18 crocodiles
  3 big kobolds
  20 bullfrogs
  An earth elemental (Elf:1)
  6 scorpions
  A wyvern skeleton (D:11)
  A water moccasin skeleton (D:5)
  4 wights (D:8)
  19 killer bees
  3 electric eels
  14 howler monkeys
  8 crimson imps
  4 bullfrog zombies
  3 jellies
  A quasit (D:9)
  3 centaur zombies
  2 bullfrog skeletons
  19 orc priests
  4 hounds
  7 centaur skeletons
  3 iguanas
  26 orc wizards
  17 worker ants
  A killer bee zombie (D:5)
  A hound zombie (D:10)
  A howler monkey zombie (D:11)
  8 gnolls
  A howler monkey skeleton (D:4)
  19 adders
  6 shadow imps
  An ooze (D:4)
  2 adder zombies (D:9)
  3 adder skeletons
  5 worms
  A dart slug (D:1)
  3 leopard geckos
  71 orcs
  2 ball pythons
  11 bats
  3 giant cockroaches
  17 goblins
  14 hobgoblins
  5 jackals
  14 kobolds
  8 quokkas
  6 frilled lizards
  A jackal skeleton (D:7)
  A leopard gecko skeleton (D:5)
  A quokka skeleton (D:6)
  7 rats
  2 fungi
975 creatures vanquished.

Vanquished Creatures (collateral kills)
  A fire giant (D:13)
  An entropy weaver (Spider:3)
  An orc high priest (Orc:2)
  2 orc knights (Orc:2)
  2 orb spiders (Spider:1)
  An orc sorcerer (Orc:2)
  2 wolf spiders
  A moth of wrath (Spider:1)
  A torpor snail (Spider:2)
  5 demonic crawlers
  4 jumping spiders
  A hornet (Spider:2)
  10 redbacks
  A tarantella (Spider:1)
  5 orc warriors
  An ogre (Orc:1)
  A crimson imp (D:13)
  3 orc wizards (Orc:1)
  A gnoll (Bailey)
  6 orcs
  A hobgoblin (Bailey)
  A goblin (Bailey)
52 creatures vanquished.

Vanquished Creatures (others)
  3 humans (Spider:1)
  A worker ant (D:4)
  2 orcs
  A bush (Lair:6)
  22 fungi
  24 plants
53 creatures vanquished.

Grand Total: 1080 creatures vanquished

Notes
Turn   | Place    | Note
-------+----------+-------------------------------------------
     0 | D:1      | KobiteSteele the Human Wizard began the quest for the Orb.
     0 | D:1      | Reached XP level 1. HP: 13/13 MP: 4/4
   713 | D:1      | Reached XP level 2. HP: 19/19 MP: 6/6
   827 | D:1      | Learned a level 2 spell: Blink
  1150 | D:2      | Reached XP level 3. HP: 7/24 MP: 8/8
  1503 | D:2      | Found a glowing golden altar of the Shining One.
  1623 | D:2      | Noticed Sigmund
  1634 | D:2      | Killed Sigmund
  1634 | D:2      | Reached XP level 4. HP: 22/31 MP: 10/10
  1634 | D:2      | Reached XP level 5. HP: 26/36 MP: 11/11
  1635 | D:2      | Reached XP level 6. HP: 30/42 MP: 12/12
  1685 | D:2      | Learned a level 3 spell: Conjure Flame
  2235 | D:2      | Reached skill level 1 in Long Blades
  2300 | D:2      | Reached skill level 1 in Fighting
  2427 | D:3      | Found a shadowy altar of Dithmenos.
  2758 | D:3      | Noticed NoNouf's ghost (amateur DgEE)
  2783 | D:3      | Killed NoNouf's ghost
  3229 | D:3      | Reached XP level 7. HP: 48/48 MP: 12/14
  3406 | D:3      | Found a sparkling altar of Nemelex Xobeh.
  3691 | D:4      | Found a staircase to the Ecumenical Temple.
  3700 | D:4      | Reached skill level 5 in Spellcasting
  3709 | Temple   | Entered the Ecumenical Temple
  3945 | Temple   | Became a worshipper of Vehumet
  4506 | D:4      | Noticed Pikel
  4670 | D:4      | Killed Pikel
  4670 | D:4      | Reached skill level 5 in Conjurations
  4670 | D:4      | Reached skill level 1 in Fire Magic
  4670 | D:4      | Reached XP level 8. HP: 55/56 MP: 0/17
  4965 | D:4      | Found a bloodstained altar of Trog.
  5016 | D:4      | Found a burning altar of Makhleb.
  5052 | D:4      | Found a white marble altar of Elyvilon.
  5287 | D:5      | Entered Level 5 of the Dungeon
  5563 | D:5      | Reached XP level 9. HP: 61/61 MP: 7/18
  5631 | D:5      | Learned a level 1 spell: Magic Dart
  5693 | D:5      | Reached * piety under Vehumet
  5693 | D:5      | Offered knowledge of Shock by Vehumet.
  5701 | D:5      | Found an iron altar of Okawaru.
  5754 | D:5      | Learned a level 3 spell: Mephitic Cloud
  5829 | D:5      | Found a glowing drain.
  5941 | Sewer    | Entered a sewer
  6242 | D:5      | Found a basalt altar of Yredelemnul.
  6252 | D:5      | Found a glowing silver altar of Zin.
  6253 | D:5      | Found a hazy altar of Hepliaklqana.
  6655 | D:6      | Noticed Mesmaeker13's ghost (novice DEIE)
  6683 | D:6      | Killed Mesmaeker13's ghost
  7091 | D:6      | Offered knowledge of Throw Frost by Vehumet.
  7108 | D:6      | Reached ** piety under Vehumet
  7225 | Temple   | Learned a level 2 spell: Throw Frost
  7516 | D:7      | Found a snail-covered altar of Cheibriados.
  7749 | D:7      | Reached XP level 10. HP: 68/68 MP: 19/22
  7824 | D:7      | Learned a level 3 spell: Stone Arrow
  7833 | D:7      | Reached skill level 1 in Ice Magic
  8355 | D:8      | Noticed Grum
  8357 | D:8      | Noticed a two-headed ogre
  8366 | D:8      | Killed a two-headed ogre
  8524 | D:8      | Noticed a two-headed ogre
  8534 | D:8      | Killed a two-headed ogre
  8617 | D:8      | Reached skill level 1 in Air Magic
  8654 | D:8      | Reached skill level 1 in Earth Magic
  8877 | D:8      | Offered knowledge of Inner Flame by Vehumet.
  8926 | D:8      | Killed Grum
  9285 | D:8      | Found Cyichetz's Distillery.
  9322 | D:8      | Reached XP level 11. HP: 74/74 MP: 24/24
  9509 | D:8      | Reached *** piety under Vehumet
 10065 | D:8      | Found Mouloeru's General Store.
 10234 | D:8      | Found a snail-covered altar of Cheibriados.
 10401 | D:8      | Offered knowledge of Airstrike by Vehumet.
 10407 | D:8      | Learned a level 4 spell: Airstrike
 10495 | D:8      | Found Suzxossa's Food Emporium.
 10496 | D:8      | Found Viawn's Weapon Boutique.
 10654 | D:8      | Found Vuluvyush's Food Shoppe.
 11118 | D:9      | Noticed a death yak
 11118 | D:9      | Noticed a death yak
 11520 | D:9      | Noticed a death yak
 11645 | D:9      | Noticed a death yak
 11683 | D:9      | Killed a death yak
 11705 | D:9      | Found a staircase to the Lair.
 11900 | D:9      | Killed a death yak
 11900 | D:9      | Reached skill level 10 in Spellcasting
 11905 | D:9      | Reached skill level 5 in Earth Magic
 12225 | D:9      | Reached **** piety under Vehumet
 12457 | D:9      | Noticed a death yak
 12468 | Lair:1   | Entered Level 1 of the Lair of Beasts
 12498 | Lair:1   | Noticed Erica
 12505 | Lair:1   | Killed Erica
 12505 | Lair:1   | Reached XP level 12. HP: 81/81 MP: 21/26
 12808 | Lair:1   | Offered knowledge of Ignite Poison by Vehumet.
 13621 | Lair:1   | Reached skill level 5 in Long Blades
 13621 | Lair:1   | Reached skill level 5 in Dodging
 13674 | Lair:1   | Reached skill level 10 in Conjurations
 13939 | Lair:1   | Learned a level 5 spell: Fireball
 14237 | Lair:2   | Found a hole to the Spider Nest.
 15232 | Lair:3   | Reached skill level 5 in Stealth
 15463 | Lair:3   | Reached XP level 13. HP: 88/88 MP: 17/28
 15886 | Lair:3   | Reached ***** piety under Vehumet
 15937 | Lair:3   | Offered knowledge of Bolt of Draining by Vehumet.
 17479 | Lair:4   | Found a staircase to the Swamp.
 18583 | Lair:5   | Gained mutation: Your system is resistant to poisons. (rPois) [potion of mutation]
 18583 | Lair:5   | Gained mutation: You have supernaturally acute eyesight. (SInv) [potion of mutation]
 18623 | Lair:5   | Noticed a seven-headed hydra
 19140 | Lair:5   | Killed a seven-headed hydra
 19822 | Lair:6   | Entered Level 6 of the Lair of Beasts
 19827 | Lair:6   | Noticed an eight-headed hydra
 19832 | Lair:6   | Noticed an eight-headed hydra
 19960 | Lair:6   | Killed an eight-headed hydra
 19960 | Lair:6   | Reached XP level 14. HP: 95/95 MP: 3/30
 20428 | Lair:6   | Learned a level 5 spell: Bolt of Draining
 20436 | Lair:6   | Learned a level 4 spell: Sticky Flame
 20481 | Lair:6   | Learned a level 4 spell: Summon Lightning Spire
 22269 | Lair:6   | Found a staircase to the Slime Pits.
 22517 | Lair:6   | Offered knowledge of Lightning Bolt by Vehumet.
 23225 | Lair:6   | Got an ancient iron ring
 23233 | Lair:6   | Identified the ring "Ykeamo" {Wiz rElec MP+9 Int+2 Slay-6} (You found it on level 6 of the Lair of Beasts)
 23582 | Lair:6   | Learned a level 5 spell: Lightning Bolt
 24229 | D:10     | Entered Level 10 of the Dungeon
 24435 | D:10     | Reached skill level 10 in Earth Magic
 24435 | D:10     | Reached skill level 1 in Evocations
 24545 | D:10     | Reached XP level 15. HP: 101/101 MP: 25/32
 24992 | D:10     | Found a staircase to the Orcish Mines.
 25736 | D:11     | Noticed Snorg
 25739 | D:11     | Killed Snorg
 25948 | D:11     | Noticed Nergalle
 25952 | D:11     | Killed Nergalle
 26051 | D:11     | Noticed Maurice
 26054 | D:11     | Killed Maurice
 26320 | D:11     | Reached skill level 5 in Fire Magic
 26565 | D:11     | Noticed Gastronok
 26636 | D:11     | Killed Gastronok
 27128 | D:11     | Noticed Harold
 27139 | D:11     | Killed Harold
 27857 | D:11     | Reached skill level 1 in Necromancy
 28737 | D:12     | Found a flagged portal.
 28787 | Bailey   | Entered a bailey
 28810 | Bailey   | Offered knowledge of Spellforged Servitor by Vehumet.
 28822 | Bailey   | Learned a level 7 spell: Spellforged Servitor
 29013 | Bailey   | Found an iron altar of Okawaru.
 29163 | Bailey   | Got a fine quarterstaff {flame}
 29228 | Bailey   | Identified the +1 quarterstaff "Daufoury" {flame, *Rage rPois rC+ Str+3 Int+4} (You took it off an orc warrior in a bailey)
 29358 | Bailey   | Got a spiked chain mail
 30265 | D:13     | Found a frozen archway.
 30283 | D:13     | Reached ****** piety under Vehumet
 31086 | D:13     | Found a large runed door.
 31095 | D:13     | Found a large runed door.
 31108 | D:13     | Reached skill level 1 in Staves
 31158 | D:13     | Reached XP level 16. HP: 108/108 MP: 7/34
 31900 | D:13     | Noticed a fire giant
 31908 | D:13     | Offered knowledge of Bolt of Magma by Vehumet.
 31908 | D:13     | Killed a fire giant
 31915 | D:13     | Learned a level 5 spell: Bolt of Magma
 31954 | D:13     | Found a shimmering altar of Xom.
 31957 | D:13     | Found a burning altar of Makhleb.
 32731 | D:13     | Found a gate to the Vaults.
 33310 | D:14     | Noticed Sonja
 33310 | D:14     | Killed Sonja
 34559 | D:15     | Entered Level 15 of the Dungeon
 34572 | D:15     | Reached skill level 15 in Spellcasting
 34788 | D:15     | Identified the Collected Works on Snow and the Compass
 34808 | D:15     | Learned a level 6 spell: Bolt of Cold
 34839 | D:15     | Found a portal to a secret trove of treasure.
 35526 | D:15     | Offered knowledge of Iron Shot by Vehumet.
 35536 | D:15     | Learned a level 6 spell: Iron Shot
 35751 | D:15     | Found a staircase to the Depths.
 36219 | Orc:1    | Entered Level 1 of the Orcish Mines
 36326 | Orc:1    | Reached XP level 17. HP: 90/113 MP: 17/36
 36614 | Orc:2    | Entered Level 2 of the Orcish Mines
 36954 | Orc:2    | Noticed Nessos
 36957 | Orc:2    | Killed Nessos
 37021 | Orc:2    | Found a staircase to the Elven Halls.
 37827 | Orc:2    | Reached skill level 15 in Conjurations
 37991 | Orc:2    | Found Qopijet's Food Shop.
 37991 | Orc:2    | Found Dabon's Food Emporium.
 37997 | Orc:2    | Found Itymad's Weapon Emporium.
 37997 | Orc:2    | Found Mium's Distillery.
 38185 | Elf:1    | Entered Level 1 of the Elven Halls
 38261 | Elf:1    | Offered knowledge of Ozocubu's Refrigeration by Vehumet.
 38450 | Orc:2    | Learned a level 6 spell: Ozocubu's Refrigeration
 38535 | Elf:1    | Identified the Compendium of Calling
 40429 | Swamp:1  | Entered Level 1 of the Swamp
 40471 | Swamp:1  | Offered knowledge of Freezing Cloud by Vehumet.
 40516 | Lair:4   | Paralysed by a hornet for 1 turns
 40527 | Lair:4   | Reached skill level 1 in Shields
 40781 | Lair:4   | Learned a level 6 spell: Freezing Cloud
 40901 | Swamp:1  | Noticed Nikola
 40906 | Swamp:1  | Killed Nikola
 40916 | Swamp:1  | Noticed Louise
 41400 | Spider:1 | Entered Level 1 of the Spider Nest
 41567 | Spider:1 | Noticed Kirke
 41572 | Spider:1 | Killed Kirke
 41861 | Spider:1 | Reached XP level 18. HP: 120/120 MP: 37/37
 42793 | Spider:2 | Offered knowledge of Glaciate by Vehumet.
 42793 | Spider:2 | Offered knowledge of Shatter by Vehumet.
 42793 | Spider:2 | Offered knowledge of Ignition by Vehumet.
 42983 | Spider:2 | Learned a level 8 spell: Ignition
 45174 | Spider:3 | Mangled by a wolf spider

Skill      XL: |  1  2  3  4  5  6  7  8  9 10 11 12 13 14 15 16 17 18 |
---------------+-------------------------------------------------------+-----
Spellcasting   | 4 6 8 9 10 11 12 13 14 15 16 | 16.2
Conjurations   | 2 3 5 7 8 9 10 11 13 14 15 16 | 16.1
Long Blades    | 1 2 3 4 5 |  5.4
Fighting       | 1 2 3 4 |  4.9
Stealth        | 3 4 5 |  5.9
Dodging        | 3 4 5 6 7 |  7.4
Translocations | 2 |  2.6
Fire Magic     | 1 2 3 4 6 8 9 |  9.9
Ice Magic      | 3 |  3.4
Air Magic      | 1 2 |  2.2
Earth Magic    | 2 5 7 9 10 11 12 | 12.2
Evocations     | 1 2 |  2.6
Necromancy     | 1 |  1.1
Staves         | 1 |  1.0
Shields        | 1 2 |  2.3
Summonings     | 2 |  2.2
Poison Magic   | |  0.6

Action                   |  1- 3 |  4- 6 |  7- 9 | 10-12 | 13-15 | 16-18 || total
-------------------------+-------+-------+-------+-------+-------+-------++-------
Melee: Dagger            |    15 |       |       |       |       |       ||    15
       Unarmed           |     7 |       |       |       |       |       ||     7
       Long sword        |     7 |    12 |    43 |    90 |    14 |       ||   166
       Staff             |       |       |       |       |    51 |    13 ||    64
       Quarterstaff      |       |       |       |       |     8 |       ||     8
 Cast: Magic Dart        |    48 |   110 |   358 |       |       |       ||   516
       Blink             |     6 |       |     1 |     3 |     6 |     1 ||    17
       Conjure Flame     |       |     6 |    19 |     9 |     3 |       ||    37
       Throw Frost       |       |       |    29 |    39 |       |       ||    68
       Mephitic Cloud    |       |       |     1 |     5 |       |       ||     6
       Stone Arrow       |       |       |       |   338 |   457 |    11 ||   806
       Airstrike         |       |       |       |     5 |       |       ||     5
       Fireball          |       |       |       |     7 |   257 |   245 ||   509
       Bolt of Draining  |       |       |       |       |     6 |     1 ||     7
       Summon Lightning  |       |       |       |       |     2 |       ||     2
       Sticky Flame      |       |       |       |       |     1 |       ||     1
       Spellforged Servi |       |       |       |       |     4 |    21 ||    25
       Bolt of Magma     |       |       |       |       |       |   118 ||   118
       Iron Shot         |       |       |       |       |       |   120 ||   120
       Bolt of Cold      |       |       |       |       |       |    26 ||    26
       Ignition          |       |       |       |       |       |     3 ||     3
Evoke: Wand              |       |       |       |       |    12 |    31 ||    43
       Phantom mirror    |       |       |       |       |     1 |       ||     1
       Staff of energy   |       |       |       |       |       |     2 ||     2
       Lightning rod     |       |       |       |       |       |     4 ||     4
  Use: Scroll            |     6 |     3 |     6 |    14 |    20 |    23 ||    72
       Potion            |     1 |       |     4 |     9 |     8 |     9 ||    31
 Stab: Sleeping          |       |     2 |     1 |       |     1 |       ||     4
       Confused          |       |       |       |     1 |       |       ||     1
       Distracted        |       |       |       |       |     1 |       ||     1
  Eat: Royal jelly       |     1 |       |     2 |     1 |     2 |     8 ||    14
       Meat ration       |       |     1 |     2 |     2 |     4 |     3 ||    12
       Fruit             |       |       |     1 |    10 |    16 |     3 ||    30
       Bread ration      |       |       |       |     6 |     5 |     3 ||    14
Armor: Robe              |    13 |     9 |    28 |   103 |   113 |    98 ||   364
Dodge: Dodged            |    25 |    28 |    75 |   240 |   196 |   174 ||   738
Block: Other             |       |       |       |       |    31 |     1 ||    32
       Buckler           |       |       |       |       |       |    98 ||    98
       Reflection        |       |       |       |       |       |     7 ||     7
       Rpst.: Long sword |       |     4 |    26 |    79 |     2 |       ||   111
